 Dungeon Crawl Stone Soup version 0.18-b1-22-ge198996 (webtiles) character file.

54 wvc the Cudgeler (level 3, -9/27 HPs)
             Began as a Mummy Skald on May 4, 2016.
             Mangled by a gnoll
             ... wielding a +2 whip of electrocution
              (17 damage)
             ... on level 2 of the Dungeon.
             The game lasted 00:02:27 (1849 turns).

wvc the Cudgeler (Mummy Skald)                      Turns: 1849, Time: 00:02:28

Health: -9/27      AC:  7    Str: 15    XL:     3   Next: 66%
Magic:  6/6        EV: 10    Int: 12    God:
Gold:   112        SH:  0    Dex: 11    Spells: 1 memorised, 5 levels left

rFire  x . .     SeeInvis .     a - +0 mace
rCold  + . .     Gourm    .     g - +0 ring mail
rNeg   + + +     Faith    .     (no shield)
rPois  ∞         Spirit   .     (no helmet)
rElec  .         Dismiss  .     (no cloak)
rCorr  .         Reflect  .     d - +0 pair of gloves
SustAt .         Harm     .     i - +0 pair of boots
MR     .....                    (no amulet)
Stlth  +.........               (no ring)
                                (no ring)

@: not resistant to hostile enchantments, very unstealthy
A: no food or potions, fire vulnerability, cold resistance 1, negative energy
resistance 3, torment resistance, unbreathing
a: no special abilities


You were on level 2 of the Dungeon.
You were not hungry.

You visited 1 branch of the dungeon, and saw 2 of its levels.

You collected 112 gold pieces.

Inventory:

Hand Weapons
 a - a +0 mace (weapon)
Armour
 b - a +0 leather armour
 d - a +0 pair of gloves (worn)
 g - a +0 ring mail (worn)
 i - a +0 pair of boots (worn)
Scrolls
 e - a scroll of enchant weapon {unknown}
 f - a scroll of identify {unknown}
 h - a scroll of blinking {unknown}
Books
 c - a book of Battle

   Spells                             Type                      Level
   a - Infusion                       Charms                       1
   b - Shroud of Golubria             Charms/Translocation         2
   c - Song of Slaying                Charms                       2
   d - Spectral Weapon                Hexes/Charms                 3
   e - Regeneration                   Charms/Necromancy            3


   Skills:
 - Level 2.0 Fighting
 + Level 3.3 Maces & Flails
 - Level 0.7 Armour
 - Level 0.7 Dodging
 - Level 2.0 Spellcasting
 - Level 2.4 Charms


You had 5 spell levels left.
You knew the following spells:

 Your Spells              Type           Power        Failure   Level  Hunger
a - Infusion              Chrm           #...         24%         1    N/A

Dungeon Overview and Level Annotations

Branches:
Dungeon (2/15)

Altars:


Innate Abilities, Weirdness & Mutations

You do not eat or drink.
Your flesh is vulnerable to fire.
You are immune to poison.
Your flesh is cold resistant.
You are immune to negative energy.
You are immune to unholy pain and torment.
You can survive without breathing.


Message History

The ball python bites you but does no damage.
The ball python constricts you.
You hit the ball python.
You kill the ball python!
You closely miss the gnoll. The gnoll barely misses you.
The gnoll closely misses you. x2
You barely miss the gnoll.
The gnoll hits you with a whip of electrocution.
The gnoll closely misses you.
You hit the gnoll.
The gnoll is moderately wounded.
The gnoll barely misses you.
The gnoll hits you from afar with a halberd of chopping!
You hit the gnoll.
The gnoll is moderately wounded.
The gnoll hits you with a whip of electrocution.
* * * LOW HITPOINT WARNING * * *
You are electrocuted!
Ouch! That really hurt!
You die...

#.#............
#........g..#.#
##..#####.....#
#g.# ###.###
#..# #.# #..#
#.# #..#
####.###
###########..#
#.......
.......@gg...#
#S##.###
.###########.#
#.##.### .#
#S...... .#
#.##.###
##.####.##.#
.......g...#
#######.#.##
.#### #.#.#
...g.# #.#.#


You could see 2 gnolls.

Vanquished Creatures
  An adder (D:2)
  An ooze (D:2)
  3 dart slugs
  A giant gecko (D:1)
  A ball python (D:2)
  3 giant cockroaches
  4 goblins
  2 hobgoblins (D:1)
  5 kobolds
  8 bats
  2 giant newts
  2 rats
33 creatures vanquished.

Notes
Turn   | Place    | Note
--------------------------------------------------------------
     0 | D:1      | wvc the Mummy Skald began the quest for the Orb.
     0 | D:1      | Reached XP level 1. HP: 16/16 MP: 3/3
   194 | D:1      | Reached skill level 2 in Maces & Flails
   420 | D:1      | Reached XP level 2. HP: 13/22 MP: 1/5
  1353 | D:2      | Reached XP level 3. HP: 27/27 MP: 6/6
  1549 | D:2      | Reached skill level 3 in Maces & Flails
  1849 | D:2      | Mangled by a gnoll

Skill      XL: |  1  2  3 |
---------------+----------+-----
Maces & Flails | 2 3 |  3.3
Fighting       | |  2.0
Armour         | |  0.7
Dodging        | |  0.7
Spellcasting   | |  2.0
Charms         | |  2.4

Action                   || total
-------------------------++-------
Melee: Mace              ||   152
 Cast: Infusion          ||     4
  Use: Scroll            ||     1
Armor: Leather armour    ||    52
       Ring mail         ||    37
Dodge: Dodged            ||   156
